 Dungeon Crawl Stone Soup version 0.25.1-9-gc5326a611f (webtiles) character file.

Game seed: 11610562275049408374

43 teolandon225 the Ducker (level 3, -4/28 HPs)
             Began as a Merfolk Gladiator on Dec 26, 2020.
             Killed from afar by Terence (10 damage)
             ... with a puff of flame
             ... on level 2 of the Dungeon.
             The game lasted 00:03:37 (1328 turns).

teolandon225 the Ducker (Merfolk Gladiator)         Turns: 1328, Time: 00:03:38

Health: -4/28      AC:  3    Str: 14    XL:     3   Next: 58%
Magic:  3/3        EV: 14    Int:  7    God:
Gold:   109        SH:  0    Dex: 16    Spells: 2/2 levels left

rFire    . . .     SeeInvis .   a - +0 rapier
rCold    . . .     Gourm    .   (no shield)
rNeg     . . .     Faith    .   b - +0 leather armour
rPois    .         Spirit   .   (helmet restricted)
rElec    .         Reflect  .   (no cloak)
rCorr    .         Harm     .   (no gloves)
MR       .....     Clarity  +   (no boots)
Stlth    +.........             (no amulet)
HPRegen  0.09/turn              (no ring)
MPRegen  0.08/turn              (no ring)

@: no status effects
A: change form in water, swift swim, stealthy swim, horns 1, clarity, MP-powered
wands
a: no special abilities


You were on level 2 of the Dungeon.
You were not hungry.

You visited 1 branch of the dungeon, and saw 2 of its levels.

You collected 109 gold pieces.

Inventory:

Hand Weapons
 a - a +0 rapier (weapon)
Missiles
 d - 3 throwing nets (quivered)
Armour
 b - a +0 leather armour (worn)
 c - a +0 helmet
Jewellery
 k - an uncursed ring of wizardry {unknown}
Potions
 j - 2 potions of degeneration
Comestibles
 f - 3 rations
 g - 3 chunks of flesh


   Skills:
 * Level 2.8 Fighting
 * Level 4.2 Short Blades
 - Level 2.4 Throwing
 + Level 4.5 Dodging
 * Level 0.6 Stealth


You had 2 spell levels left.
You didn't know any spells.
Your spell library was empty.

Dungeon Overview and Level Annotations

Branches:
Dungeon (2/15)

Altars:

Annotations:
D:2 Terence


Innate Abilities, Weirdness & Mutations

You revert to your normal form in water.
You are very nimble and swift while swimming.
You are very stealthy in the water. (Stealth+)
You have a pair of small horns on your head.
You possess an exceptional clarity of mind.
You expend magic power (3 MP) to strengthen your wands.


Message History

Terence hits you with a cursed +0 short sword.
You hit Terence but do no damage. You headbutt Terence.
Terence is heavily wounded.
Terence hits you with a cursed +0 short sword.
* * * LOW HITPOINT WARNING * * *
You closely miss Terence. You headbutt Terence.
Terence is severely wounded.
A rat comes into view.
Terence barely misses you.
You closely miss Terence. You headbutt Terence, but do no damage.
Terence is severely wounded.
Terence hits you with a cursed +0 short sword.
* * * LOW HITPOINT WARNING * * *
You barely miss Terence.
Terence is severely wounded.
Terence closely misses you.
You completely miss Terence. Your headbutt misses Terence.
Terence is severely wounded.
Terence zaps a wand.
The puff of flame hits you!
You die...

#....... # #....#
#.#.##@# ##....)g# .
#.w...rg# .#..#.#
#.##.##.# ....#.##
#.##.##### #.....
#...S@...#####.#.#
####.#@.......#..#
#.#.#).....#..##
..#.####.#PP.PP#####
####)##..##P.........
#.##.#......P#.###
#............#.#
###...##PPP.P#.#
#...###.####.# #...#
### #.#


You could see Terence, an adder and a rat.

Vanquished Creatures
  An adder (D:2)
  A dart slug (D:2)
  2 leopard geckos
  4 bats
  A giant cockroach (D:1)
  6 hobgoblins
  4 jackals (D:1)
  2 kobolds
  2 frilled lizards
  3 goblins
  2 rats
  A fungus (D:2)
29 creatures vanquished.

Vanquished Creatures (others)
  5 toadstools (D:2)
5 creatures vanquished.

Grand Total: 34 creatures vanquished

Notes
Turn   | Place    | Note
-------+----------+-------------------------------------------
     0 | D:1      | teolandon225 the Merfolk Gladiator began the quest for the
                  | Orb.
     0 | D:1      | Reached XP level 1. HP: 16/16 MP: 1/1
   357 | D:1      | Reached XP level 2. HP: 23/23 MP: 2/2
  1140 | D:2      | Reached XP level 3. HP: 28/28 MP: 3/3
  1291 | D:2      | Noticed Terence
  1323 | D:2      | Gained mutation: You have a pair of small horns on your
                  | head. [potion of mutation]
  1323 | D:2      | Gained mutation: You possess an exceptional clarity of
                  | mind. [potion of mutation]
  1323 | D:2      | Gained mutation: You expend magic power (3 MP) to
                  | strengthen your wands. [potion of mutation]
  1328 | D:2      | Killed from afar by Terence

Illustrated notes

Levels and vault maps discovered:
D:1:      roderic_crop_circles_arrival_small, layout_basic
D:2:      layout_loops_cross, minmay_gold_behind_fungi, minmay_pentomino_t2,
          uniq_terence

Skill      XL: |  1  2 |
---------------+-------+-----
Short Blades   | 4 |  4.2
Fighting       | |  2.8
Throwing       | |  2.4
Dodging        | |  4.5
Stealth        | |  0.6

Action                   || total
-------------------------++-------
Melee: Rapier            ||   110
       Headbutt          ||     3
  Use: Scroll            ||     3
       Potion            ||     2
 Stab: Sleeping          ||     1
  Eat: Chunk             ||     1
Armor: Leather armour    ||    36
Dodge: Dodged            ||   101
